[Event "Early-Titled-Tuesday-Blitz-February-27-2024"]
[Site "Chess.com"]
[Date "2024.02.27"]
[Round "6"]
[White "bescmelasti"]
[Black "orkinyo12345"]
[Result "0-1"]
[WhiteElo "2633"]
[BlackElo "2483"]
[TimeControl "180+1"]
[EndTime "9:03:12 PST"]
[Termination "orkinyo12345 won by checkmate"]

1. e4 c5 2. Nf3 d6 3. d4 cxd4 4. Nxd4 Nf6 5. Nc3 a6 6. f4 e6 7. Qf3 Be7 8. Be3 Qc7 9. O-O-O b5 10. g4 b4 11. Na4 Bb7 12. Bd3 Nc6 13. Nb6 Qxb6 14.
Nxe6 Qa5 15. Nxg7+ Kf8 16. Nf5 Qxa2 17. e5 Na5 18. exf6 Bxf6 19. Be4 Nb3+ 20. cxb3 Qxb2# 0-1

[Event "Early-Titled-Tuesday-Blitz-February-27-2024"]
[Site "Chess.com"]
[Date "2024.02.27"]
[Round "6"]
[White "DeArron_Fox"]
[Black "Chessdude1987"]
[Result "0-1"]
[WhiteElo "2513"]
[BlackElo "2363"]
[TimeControl "180+1"]
[EndTime "9:03:15 PST"]
[Termination "Chessdude1987 won on time"]

1. d4 e6 2. c4 f5 3. g3 Nf6 4. Bg2 Bb4+ 5. Bd2 Qe7 6. Nf3 Bxd2+ 7. Nbxd2 d6 8. O-O e5 9. e4 fxe4 10. dxe5 dxe5 11. Ng5 O-O 12. Ndxe4 Nc6 13. Nxf6+ Qxf6 14. Ne4 Qe7 15. Qd5+ Kh8 16. Rad1 h6 17. a3 Bg4 18. Rde1 Nd4 19. Nc3 Rae8 20. Qxb7 Nf3+ 21. Bxf3 Bxf3 22. Nd5 Qe6 23. Qxc7 Qh3 24. Ne3 Rf5 25. Rd1 Qxh2+ 0-1

[Event "Early-Titled-Tuesday-Blitz-February-27-2024"]
[Site "Chess.com"]
[Date "2024.02.27"]
[Round "6"]
[White "whiteglovethief"]
[Black "newauto"]
[Result "1-0"]
[WhiteElo "2500"]
[BlackElo "2215"]
[TimeControl "180+1"]
[EndTime "9:03:18 PST"]
[Termination "whiteglovethief won by resignation"]

1. d4 c6 2. c4 d5 3. Nf3 Nf6 4.
g3 dxc4 5. Bg2 Bf5 6. Nc3 e6 7.
Nh4 Bg4 8. Qa4 Nbd7 9. Qxc4 Be7 10. O-O O-O 11. Bg5 Nd5 12. Bxe7 Qxe7 13. e4 Nxc3 14.
bxc3 Nb6 15. Qb3 Be2 16. Rfe1 Bc4 17. Qc2 Rac8 18. Nf3 c5 19. d5 exd5 20. exd5 Qf6 21. Rad1 Rfd8 22. Ne5 Bxd5 23. Bh3 Rb8 24. c4 Be6 25.
Bxe6 Qxe6 26. Nd7 Qxc4 27. Nxb8 Rxb8 28. Qxc4 Nxc4 29. Rc1 b5 30. Re7 a5 31. Rc7 g6 32.
Rxc5 Kg7 33. a4 Nb2 34. Rxb5 1-0

[Event "Early-Titled-Tuesday-Blitz-February-27-2024"]
[Site "Chess.com"]
[Date "2024.02.27"]
[Round "6"]
[White "IM_ArthurDW08"]
[Black "MITerryble"]
[Result "0-1"]
[WhiteElo "2833"]
[BlackElo "3026"]
[TimeControl "180+1"]
[EndTime "9:03:22 PST"]
[Termination "MITerryble won by resignation"]

1. e4 e6 2. d4 d5 3. Nc3 Nf6 4. Bg5 Bb4 5. e5 h6 6. Bd2 Bxc3 7. bxc3 Ne4 8. Bc1 c5 9. Ne2 cxd4 10. cxd4 Qa5+ 11. c3 Nc6 12. Qb3 Bd7 13. f3 Ng5 14. h4 Nh7 15. Bd2 O-O 16. g4 Qc7 17. g5 h5 18. Nf4 g6 19. Rb1 b6 20. Bd3 Rfc8 21.
Kf2 Nf8 22. Rbc1 Na5 23. Qc2 Be8 24. Rhg1 Nc4 25. Be1 b5 26. Kg3 a5 27. Bf2 Ra7 28. Kh2 Rb7 29. Nxh5 gxh5 30. g6 fxg6 31. Bxg6 Nxg6 32.
Rxg6+ Bxg6 33. Qxg6+ Kh8 34. Rg1 Qh7 35. Qxe6 Rg8 36.
Rg5 Rxg5 37. hxg5 Qf7 38. Qc8+ Kg7 39. e6 Qc7+ 0-1

[Event "Early-Titled-Tuesday-Blitz-February-27-2024"]
[Site "Chess.com"]
[Date "2024.02.27"]
[Round "6"]
[White "PavelShkapenko"]
[Black "Beca95"]
[Result "0-1"]
[WhiteElo "2759"]
[BlackElo "2911"]
[TimeControl "180+1"]
[EndTime "9:03:22 PST"]
[Termination "Beca95 won by resignation"]

1. e4 e6 2. d4 d5 3. exd5 exd5 4. Nf3 h6 5. c4 Bb4+ 6. Nc3 Nf6 7. Be2 O-O 8. O-O dxc4 9. Bxc4 Nc6 10. h3 Bf5 11. Bf4 Bd6 12. Qd2 Ne4 13. Nxe4 Bxe4 14. Ne5 Bxe5 15.
dxe5 Qxd2 16. Bxd2 Nxe5 17. Bb3 Rfe8 18. Bf4 c6 19.
Bg3 Nd3 20. Rab1 Rad8 21. Kh2 Nc5 22. Rbc1 Nxb3 23. axb3 Rd2 24. Rfe1 f6 25. Rc3 Bg6 26. Rxe8+ Bxe8 27. Re3 Kf7 28. b4 Bd7 29. b3 Be6 30. f3 a6 31. Bc7 Rb2 32. Bd6 Rxb3 33. Rxb3 Bxb3 34. g4 g6 35. Kg3 Ke6 36. Bf8 h5 37. gxh5 gxh5 38. Kh4 Bd1 39. Kxh5 Bxf3+ 40. Kg6 Be4+ 41.
Kg7 f5 42. h4 f4 43. h5 f3 44. Bc5 Kd5 45. h6 a5 0-1

[Event "Early-Titled-Tuesday-Blitz-February-27-2024"]
[Site "Chess.com"]
[Date "2024.02.27"]
[Round "6"]
[White "dosto07"]
[Black "AndreyOstrovskiy"]
[Result "1-0"]
[WhiteElo "2502"]
[BlackElo "2651"]
[TimeControl "180+1"]
[EndTime "9:03:25 PST"]
[Termination "dosto07 won by resignation"]

1. e4 e5 2. Nf3 Nc6 3. Bb5 a6 4. Ba4 Nf6 5. O-O Be7 6. Re1 b5 7. Bb3 d6 8. c3 O-O 9. a4 Bg4 10. h3 Bh5 11. d3 Na5 12. Bc2 c5 13. Nbd2 Nc6 14. Nf1 Nd7 15. Ng3 Bg6 16. Bb3 Nb6 17.
axb5 axb5 18. Rxa8 Qxa8 19. h4 h6 20. h5 Bh7 21.
Nh2 c4 22. Bc2 b4 23. dxc4 bxc3 24. bxc3 Nxc4 25. Ng4 N6a5 26. Bd3 Qc8 27. Qe2 Re8 28. Rd1 Bf8 29. Bxh6 gxh6 30. Nf6+ Kh8 31. Nxe8 Qxe8 32.
Bxc4 1-0

[Event "Early-Titled-Tuesday-Blitz-February-27-2024"]
[Site "Chess.com"]
[Date "2024.02.27"]
[Round "6"]
[White "Balla_Tamas"]
[Black "ozates"]
[Result "1-0"]
[WhiteElo "2432"]
[BlackElo "2602"]
[TimeControl "180+1"]
[EndTime "9:03:25 PST"]
[Termination "Balla_Tamas won by resignation"]

1. e4 e5 2. Nf3 Nc6 3. d4 exd4 4. Nxd4 Nf6 5. Nxc6 bxc6 6. e5 Qe7 7. Qe2 Nd5 8. h4 g6 9. c4 Ba6 10. Bg5 Qb4+ 11.
Qd2 Bxc4 12. Nc3 Bg7 13. h5 Bxe5 14. Rc1 O-O 15. a3 Bxc3 16. bxc3 Rfe8+ 17. Be3 Qb5 18. hxg6 hxg6 19. Qd4 f6 20. Bxc4 Qb2 21. Bxd5+ cxd5 22. Qxd5+ Re6 23. Qxa8+ Kf7 24. O-O Qb5 25. Rfd1 g5 26. Qd5 1-0

[Event "Early-Titled-Tuesday-Blitz-February-27-2024"]
[Site "Chess.com"]
[Date "2024.02.27"]
[Round "6"]
[White "DefiantChair"]
[Black "Zheenbekov86"]
[Result "1-0"]
[WhiteElo "2604"]
[BlackElo "2419"]
[TimeControl "180+1"]
[EndTime "9:03:25 PST"]
[Termination "DefiantChair won by resignation"]

1. d4 Nf6 2. c4 g6 3. Nc3 Bg7 4. e4 d6 5. Nf3 O-O 6. Be2 Nbd7 7.
O-O e5 8. d5 a5 9. b3 Nc5 10.
Qc2 Nh5 11. Be3 b6 12. a3 Bd7 13. b4 Nb7 14. Ne1 Nf4 15. Bxf4 exf4 16. Nd3 f5 17. Nxf4 fxe4 18. Ne6 Bxe6 19. dxe6 Qf6 20. Nd5 Qxe6 21. Nxc7 Qe7 22. Nxa8 Bxa1 23. Nxb6 Be5 24. Nd5 Qh4 25. g3 Qd8 26. Qxe4 axb4 27. axb4 Re8 28. Qd3 Kg7 29. Bf3 Qb8 30. Kg2 Nd8 31.
h4 Ne6 32. h5 Nd4 33. Re1 Qd8 34.
Be4 Qg5 35. f4 Bxf4 36. Nxf4 1-0

[Event "Early-Titled-Tuesday-Blitz-February-27-2024"]
[Site "Chess.com"]
[Date "2024.02.27"]
[Round "6"]
[White "NewYearGirl"]
[Black "Let_it_be_1"]
[Result "1/2-1/2"]
[WhiteElo "2379"]
[BlackElo "2544"]
[TimeControl "180+1"]
[EndTime "9:03:26 PST"]
[Termination "Game drawn by repetition"]

1. e4 e6 2. d4 d5 3. Nc3 Nf6 4.
Bg5 dxe4 5. Nxe4 Be7 6. Bxf6 Bxf6 7. Nf3 O-O 8. Qd2 b6 9. Nxf6+ Qxf6 10. Bd3 Bb7 11.
O-O-O Nd7 12. h4 Bxf3 13. gxf3 c5 14. Be4 Rad8 15. d5 Ne5 16. Qg5 exd5 17. Rxd5 Rxd5 18. Bxd5 Rd8 19. Qxf6 gxf6 20. c4 b5 21. b3 bxc4 22. bxc4 Nd3+ 23. Kd2 Nb4 24. Rb1 Nxd5 25. cxd5 Rxd5+ 26. Kc3 Rd4 27. Rb7 Ra4 28. Kb3 Ra6 29. Rc7 Rb6+ 30.
Kc3 Ra6 31. Kb3 Rb6+ 32. Kc3 Ra6 33. Kb3 1/2-1/2

[Event "Early-Titled-Tuesday-Blitz-February-27-2024"]
[Site "Chess.com"]
[Date "2024.02.27"]
[Round "6"]
[White "PolandHussars"]
[Black "WiktoriaPOL"]
[Result "1-0"]
[WhiteElo "2558"]
[BlackElo "2250"]
[TimeControl "180+1"]
[EndTime "9:03:26 PST"]
[Termination "PolandHussars won by checkmate"]

1. g4 d5 2. Bg2 c6 3. g5 e5 4. d3 Be7 5. Nf3 Nd7 6. e4 h6 7.
h4 hxg5 8. hxg5 Rxh1+ 9. Bxh1 Qc7 10. exd5 cxd5 11. Nc3 Bb4 12. Bd2 Ne7 13. Qe2 a6 14.
O-O-O b5 15. Kb1 Bb7 16. Nxb5 axb5 17. Bxb4 Nc6 18. Bd2 b4 19. a3 bxa3 20. b3 a2+ 21. Ka1 Qd6 22. Bc3 d4 23. Bb2 Kd8 24. Nd2 Nb4 25. Nc4 Qc7 26. Qd2 Nd5 27. Bxd5 Bxd5 28. f4 exf4 29. Bxd4 g6 30. Re1 Kc8 31. Re8+ Kb7 32.
Qb4+ Ka6 33. Qa4+ Kb7 34. Qxa8# 1-0

[Event "Early-Titled-Tuesday-Blitz-February-27-2024"]
[Site "Chess.com"]
[Date "2024.02.27"]
[Round "6"]
[White "NovakRatko"]
[Black "lluiss"]
[Result "1-0"]
[WhiteElo "2473"]
[BlackElo "2169"]
[TimeControl "180+1"]
[EndTime "9:03:27 PST"]
[Termination "NovakRatko won by resignation"]

1. d4 d5 2. c4 c6 3. cxd5 cxd5 4. Nc3 Nc6 5. f3 e5 6. e3 exd4 7. exd4 Nf6 8. Bb5 Bd6 9. Nge2 O-O 10. Bg5 Be7 11. O-O a6 12. Bd3 h6 13. Bh4 Be6 14. Kh1 Qd7 15. a3 Bf5 16. b4 Rfe8 17. Bf2 Bd6 18. Bh4 Be7 19. Bf2 Rac8 20. Ng3 Bxd3 21. Qxd3 Bf8 22. Nf5 g6 23. Ng3 Bg7 24. Nge2 Re7 25.
Nf4 Rce8 26. b5 axb5 27. Qxb5 Rd8 28. Rab1 g5 29. Nd3 Qf5 30. Nc5 Ne8 31. Nxb7 Rd6 32.
Nxd6 1-0

[Event "Early-Titled-Tuesday-Blitz-February-27-2024"]
[Site "Chess.com"]
[Date "2024.02.27"]
[Round "6"]
[White "ukchessbomber"]
[Black "Licancabur"]
[Result "0-1"]
[WhiteElo "2646"]
[BlackElo "2490"]
[TimeControl "180+1"]
[EndTime "9:03:30 PST"]
[Termination "Licancabur won on time"]

1. d4 d5 2. c4 dxc4 3. Nf3 Nf6 4. e3 Bg4 5. Bxc4 e6 6. Nbd2 a6 7. O-O Nc6 8. b3 Bd6 9. Bb2 O-O 10. Be2 Nd5 11.
Nc4 f5 12. Rc1 Qe8 13. h3 Bh5 14. Nfd2 Bxe2 15. Qxe2 f4 16. Nxd6 cxd6 17. e4 f3 18. Nxf3 Nf4 19. Qe3 Qh5 20. Rc3 Rf7 21. Rd1 Raf8 22.
d5 Ne5 23. Kf1 Nxg2 24. Kxg2 Rxf3 25. Qd2 Qxh3+ 26. Kg1 Rxc3 0-1

[Event "Early-Titled-Tuesday-Blitz-February-27-2024"]
[Site "Chess.com"]
[Date "2024.02.27"]
[Round "6"]
[White "Felix-Rose"]
[Black "FARIZA2018"]
[Result "0-1"]
[WhiteElo "2268"]
[BlackElo "2596"]
[TimeControl "180+1"]
[EndTime "9:03:30 PST"]
[Termination "FARIZA2018 won by resignation"]

1. e4 e5 2. Nf3 Nc6 3. Bb5 a6 4. Ba4 Nf6 5. d3 b5 6. Bb3 Bc5 7. c3 d6 8. Nbd2 O-O 9. h3 Bb6 10. Nf1 h6 11. Qe2 d5 12. g4 Be6 13. g5 hxg5 14.
Nxg5 Qd7 15. Nxe6 fxe6 16. Be3 d4 17. Bg5 Na5 18. Bc2 dxc3 19. bxc3 Qc6 20. Qd2 Bxf2+ 21. Kd1 Rad8 22. Qxf2 Nxe4 23. Qe3 Nxc3+ 24. Kd2 Nc4+ 25. Kxc3 Nxe3+ 0-1

[Event "Early-Titled-Tuesday-Blitz-February-27-2024"]
[Site "Chess.com"]
[Date "2024.02.27"]
[Round "6"]
[White "HansOnTwitch"]
[Black "Kirill_Klukin"]
[Result "1-0"]
[WhiteElo "3152"]
[BlackElo "2849"]
[TimeControl "180+1"]
[EndTime "9:03:31 PST"]
[Termination "HansOnTwitch won by checkmate"]

1. e4 c5 2. Nf3 Nc6 3. Bb5 g6 4. O-O Bg7 5. Bxc6 bxc6 6. Re1 Nh6 7. c3 O-O 8. d4 cxd4 9. cxd4 d6 10. h3 f6 11. Nc3 Nf7 12. Be3 f5 13. Rc1 fxe4 14.
Nxe4 Be6 15. Nc3 Qd7 16. b3 Bf5 17. Nh4 e5 18. Nxf5 Qxf5 19. d5 c5 20. Qg4 Nh6 21. Qc4 Rab8 22. a3 Qd7 23. Ne4 Nf5 24. b4 cxb4 25.
axb4 Rfc8 26. Qa6 Nxe3 27. fxe3 Rxc1 28. Rxc1 Rxb4 29. Rc8+ Kf7 30. Nxd6+ Ke7 31. Re8+ Kf6 32. Qf1+ Kg5 33. Nf7+ Kh5 34. Qf3+ Kh4 35. Kh2 Rb2 36. Qg3+ Kh5 37. Qg5# 1-0

[Event "Early-Titled-Tuesday-Blitz-February-27-2024"]
[Site "Chess.com"]
[Date "2024.02.27"]
[Round "6"]
[White "MANOJ_MISHRA123"]
[Black "ajedrezsinlimites"]
[Result "0-1"]
[WhiteElo "2252"]
[BlackElo "2562"]
[TimeControl "180+1"]
[EndTime "9:03:34 PST"]
[Termination "ajedrezsinlimites won on time"]

1. d4 Nf6 2. Nc3 e6 3. Bf4 d5 4.
e3 Bd6 5. Bg3 O-O 6. Nf3 c5 7.
Ne5 a6 8. a4 Qc7 9. f4 Nc6 10.
Be2 Rd8 11. O-O Ne7 12. Bd3 c4 13. Be2 Nf5 14. Bf2 Bb4 15. g4 Nd6 16. Na2 Ba5 17. b4 Bb6 18. Nc3 Nfe4 19. Be1 f6 20. Nf3 Qf7 21.
a5 Bc7 22. Na4 Bd7 23. Nc5 Kh8 24. Nd2 Nc3 25. Nxc4 Nxd1 26. Nxd6 Bxd6 27. Bxd1 Bb5 28. Rf2 Bxc5 29. bxc5 Qg6 30. c3 e5 31. Bc2 Qe8 32.
Bd2 e4 33. g5 fxg5 34. fxg5 Qg6 35. Rg2 Rf8 36. Bd1 Rf7 37. Bg4 Raf8 38. h4 h5 39. Bh3 Rf3 40. Kh2 Rxh3+ 41. Kxh3 Qf5+ 42. Kh2 Qf3 43. Rag1 Bf1 0-1

[Event "Early-Titled-Tuesday-Blitz-February-27-2024"]
[Site "Chess.com"]
[Date "2024.02.27"]
[Round "6"]
[White "pr1105"]
[Black "Pelusiansky"]
[Result "0-1"]
[WhiteElo "2331"]
[BlackElo "2601"]
[TimeControl "180+1"]
[EndTime "9:03:36 PST"]
[Termination "Pelusiansky won by resignation"]

1. e4 e5 2. Nf3 Nc6 3. Bb5 Nge7 4.
O-O a6 5. Bc4 Ng6 6. c3 Be7 7. a4 O-O 8. Re1 d6 9. h3 Kh8 10. d4 f5 11. exf5 Bxf5 12. d5 Nb8 13. Bd3 Bxd3 14. Qxd3 Nd7 15. Be3 Qe8 16. Nbd2 Qf7 17.
Ne4 h6 18. a5 Qf5 19. b4 Nf6 20. Bd2 Nh5 21. Qc4 Nhf4 22. Ng3 Qf7 23. Bxf4 Nxf4 24.
Re3 c6 25. Qf1 Nxd5 26. Rd1 Nxe3 0-1

[Event "Early-Titled-Tuesday-Blitz-February-27-2024"]
[Site "Chess.com"]
[Date "2024.02.27"]
[Round "6"]
[White "Yan_Dyomin2010"]
[Black "ikhasu"]
[Result "1-0"]
[WhiteElo "2734"]
[BlackElo "2442"]
[TimeControl "180+1"]
[EndTime "9:03:37 PST"]
[Termination "Yan_Dyomin2010 won on time"]

1. e4 e5 2. Nc3 Nf6 3. d4 exd4 4. Qxd4 Nc6 5. Qd3 Bc5 6. Bf4 d6 7. f3 Be6 8. O-O-O Qd7 9. a3 O-O-O 10. Nge2 a6 11. Qd2 h6 12. Kb1 Ne5 13. Nd4 Bc4 14.
Nf5 Bxf1 15. Rhxf1 g5 16. Bg3 Kb8 17. Qe2 Qc6 18. Ne7 Qd7 19. Ned5 Nxd5 20. Rxd5 f6 21. Rfd1 Qc6 22. Ka2 Rde8 23. Bf2 Bxf2 24. Qxf2 Ng6 25. g3 Ne5 26. Kb1 Nc4 27. Qd4 Ne5 28. f4 gxf4 29.
gxf4 Ng4 30. h3 Nh2 31. Qf2 f5 32. exf5 Rhg8 33. Qxh2 Re3 34. Qd2 Rgg3 35. f6 1-0

[Event "Early-Titled-Tuesday-Blitz-February-27-2024"]
[Site "Chess.com"]
[Date "2024.02.27"]
[Round "6"]
[White "ScofieldMichael01"]
[Black "ljuks68"]
[Result "1-0"]
[WhiteElo "2598"]
[BlackElo "2414"]
[TimeControl "180+1"]
[EndTime "9:03:39 PST"]
[Termination "ScofieldMichael01 won on time"]

1. d4 d5 2. Bf4 Nf6 3. e3 c5 4. Nd2 Nc6 5. c3 Bf5 6. Ngf3 e6 7. Be2 Bd6 8. Bg3 O-O 9. O-O Qe7 10. Ne5 Bxe5 11. dxe5 Nd7 12. Nf3 Be4 13. Nd2 Ndxe5 14. Nxe4 dxe4 15. Qa4 f5 16. Rfd1 Rad8 17. Qb5 b6 18. h3 h6 19. a4 Rxd1+ 20. Rxd1 Rd8 21. Rxd8+ Qxd8 22. a5 Qd2 23. axb6 axb6 24. Bh5 Qd8 25. Kh2 Kh7 26. b4 Qd5 27. Qxb6 cxb4 28.
cxb4 Nd3 29. b5 Nce5 30. Qb8 Qc5 31. b6 1-0

[Event "Early-Titled-Tuesday-Blitz-February-27-2024"]
[Site "Chess.com"]
[Date "2024.02.27"]
[Round "6"]
[White "nekotyanof"]
[Black "Atousa"]
[Result "1/2-1/2"]
[WhiteElo "2630"]
[BlackElo "2473"]
[TimeControl "180+1"]
[EndTime "9:03:41 PST"]
[Termination "Game drawn by repetition"]

1. e4 c5 2. Nf3 e6 3. Nc3 a6 4. d4 cxd4 5. Nxd4 Qc7 6. g3 Bb4 7. Bd2 Nf6 8. Bg2 Nc6 9. Nxc6 dxc6 10. O-O O-O 11. Qe2 e5 12. a3 Bc5 13. h3 Be6 14. Be3 Nd7 15. b4 Bxe3 16. Qxe3 b5 17. f4 c5 18. Nd5 Bxd5 19. exd5 exf4 20. Rxf4 cxb4 21. d6 Qxd6 22. Bxa8 Rxa8 23. axb4 Nf6 24. Re1 h6 25. Qc5 Qd2 26. Ref1 Re8 27. Qc6 Re2 28. R4f2 Qe3 29. Qc8+ Kh7 30. Qf5+ Kg8 31. Kg2 Ne4 32. Rxe2 Qxe2+ 33. Kg1 Qe3+ 34. Kh2 Qe2+ 35. Kg1 Qe3+ 36. Kh2 Qe2+ 37.
Kg1 1/2-1/2

[Event "Early-Titled-Tuesday-Blitz-February-27-2024"]
[Site "Chess.com"]
[Date "2024.02.27"]
[Round "6"]
[White "Fernando_Offermann"]
[Black "ChessboArt"]
[Result "1-0"]
[WhiteElo "2488"]
[BlackElo "2265"]
[TimeControl "180+1"]
[EndTime "9:03:41 PST"]
[Termination "Fernando_Offermann won by resignation"]

1. Nf3 g6 2. d4 Bg7 3. c4 Nf6 4. Nc3 d6 5. e4 O-O 6. Be2 e5 7.
d5 a5 8. h3 Na6 9. g4 Ne8 10.
Bg5 f6 11. Be3 f5 12. gxf5 gxf5 13. Bg5 Bf6 14. h4 f4 15. Rg1 Kh8 16. Qd2 Rg8 17.
O-O-O Nc5 18. Kb1 Bd7 19. Qc2 Qe7 20. b3 Qf8 21. Nh2 h6 22. Bxf6+ Nxf6 23. h5 Qf7 24. Bf3 Rxg1 25. Rxg1 Rg8 26. Rh1 Rg5 27. Qe2 Kg7 28. Nf1 Be8 29. Nd2 Nxh5 30. Qf1 Nf6 31. Qh3 Qg6 32. Qc8 Rg1+ 33. Rxg1 Qxg1+ 34. Nd1 Nd3 35. Qxc7+ Bd7 36. Kc2 Nxf2 37. Qxd6 Nxd1 38. Bxd1 Qd4 39. Qe7+ Kg6 40. Be2 Ng4 41. Qd6+ Kg5 42. Qe7+ Kg6 43.
Bxg4 Bxg4 44. Qe8+ Kg5 45. Qg8+ Kh4 46. Qg7 h5 47.
Qf6+ Kg3 48. d6 f3 49. Qg5 f2 50. d7 Qxd7 51. Qe3+ Kg2 52. Qg5 Qd4 53. Qh4 Qxe4+ 54.
Nxe4 1-0

[Event "Early-Titled-Tuesday-Blitz-February-27-2024"]
[Site "Chess.com"]
[Date "2024.02.27"]
[Round "6"]
[White "AlexPapasimakopoulos"]
[Black "Honiex"]
[Result "0-1"]
[WhiteElo "2733"]
[BlackElo "2563"]
[TimeControl "180+1"]
[EndTime "9:03:42 PST"]
[Termination "Honiex won by resignation"]

1. d4 Nc6 2. Nf3 d5 3. c4 Bg4 4. cxd5 Bxf3 5. dxc6 Bxc6 6. Nc3 Nf6 7. Qd3 Qd7 8. e4 e6 9. Be2 O-O-O 10. Be3 Bb4 11. f3 h5 12. a3 Bc5 13. Rd1 Bb6 14. b4 a6 15. O-O h4 16. Rd2 Rhg8 17. Ra1 Bb5 18.
Nxb5 axb5 19. Qxb5 Qxb5 20. Bxb5 e5 21. Rad1 exd4 22.
Bxd4 Rxd4 23. Rxd4 Rd8 24. Kf1 Rxd4 25. Rxd4 Bxd4 26.
Bc4 Be5 27. Kg1 Nh5 28. Bxf7 Nf4 29. Bc4 Nh5 30. Be6+ Kd8 31. Bf7 Nf6 32. Bc4 g5 33. a4 b6 34. a5 bxa5 35. bxa5 c5 36. Kh1 Kc7 37. Kg1 Nd7 38. g3 hxg3 39. hxg3 Bxg3 40. Kg2 Bf4 41. Kh3 Ne5 42. Be2 c4 43. Kg2 c3 44.
Bd1 Kc6 45. Ba4+ Kc5 46. Kf2 Nd3+ 47. Ke2 Nb4 48. Kd1 Kd4 49. Bb3 Ke3 50. Bd5 c2+ 0-1

[Event "Early-Titled-Tuesday-Blitz-February-27-2024"]
[Site "Chess.com"]
[Date "2024.02.27"]
[Round "6"]
[White "Kildepiotr"]
[Black "ajian"]
[Result "1-0"]
[WhiteElo "2673"]
[BlackElo "2486"]
[TimeControl "180+1"]
[EndTime "9:03:42 PST"]
[Termination "Kildepiotr won on time"]

1. Nf3 d5 2. g3 Nf6 3. Bg2 e6 4. O-O b5 5. d3 Bb7 6. Nbd2 Be7 7. e4 O-O 8. Qe2 c5 9. e5 Nfd7 10.
Re1 Nc6 11. Nf1 Qc7 12. Bf4 Rac8 13. h4 a5 14. h5 Nd4 15. Nxd4 cxd4 16. Rac1 Rfe8 17.
h6 g6 18. Nh2 a4 19. Qg4 b4 20. Nf3 Qb6 21. Bg5 Bf8 22. Qf4 b3 23. cxb3 axb3 24. a3 Rc2 25. Rb1 Nc5 26. Qxd4 Ba6 27. Bf1 Rb8 28. Be3 Qa5 29. Red1 Na4 30. Qf4 Rxb2 31. Ng5 Qc7 32. Qxa4 Bb5 33. Qf4 Rxb1 34. Rxb1 Be8 35. Nf3 Qc2 36. Rc1 1-0

[Event "Early-Titled-Tuesday-Blitz-February-27-2024"]
[Site "Chess.com"]
[Date "2024.02.27"]
[Round "6"]
[White "Rud_Makarian"]
[Black "Dyadya81"]
[Result "1-0"]
[WhiteElo "3105"]
[BlackElo "2847"]
[TimeControl "180+1"]
[EndTime "9:03:44 PST"]
[Termination "Rud_Makarian won by resignation"]

1. Nf3 Nf6 2. c4 g6 3. g3 Bg7 4. Bg2 O-O 5. Nc3 d6 6. O-O c6 7. d3 Qa5 8. h3 e5 9. Rb1 Qc7 10.
Bg5 Nbd7 11. b4 h6 12. Bd2 Re8 13. b5 c5 14. Ne1 Nf8 15. Nc2 Rb8 16. Ne3 Be6 17. a4 Qc8 18. Kh2 N8h7 19. Ned5 Nd7 20. a5 f5 21. b6 a6 22. Nc7 Bf7 23. Nxe8 Qxe8 24. Nd5 h5 25. e4 Bxd5 26. cxd5 h4 27. exf5 gxf5 28. Rc1 Qf7 29. Rc4 f4 30. gxf4 exf4 31.
Bxf4 Ne5 32. Bxe5 Bxe5+ 33. Kh1 Kh8 34. Rxh4 Rg8 35. Be4 Rg7 36. Qh5 Bf6 37. Qxf7 1-0

[Event "Early-Titled-Tuesday-Blitz-February-27-2024"]
[Site "Chess.com"]
[Date "2024.02.27"]
[Round "6"]
[White "Skatchkov_V"]
[Black "Schachmalanders"]
[Result "1-0"]
[WhiteElo "2656"]
[BlackElo "2474"]
[TimeControl "180+1"]
[EndTime "9:03:45 PST"]
[Termination "Skatchkov_V won by resignation"]

1. d4 c5 2. d5 d6 3. e4 e5 4. Ne2 Nf6 5. Nd2 Be7 6. a4 Nbd7 7. g3 Nf8 8. Bg2 Ng6 9. O-O h5 10. f4 exf4 11. gxf4 h4 12. h3 Nh5 13. Nf3 Ng3 14. Nxg3 hxg3 15. f5 Nh4 16. Bf4 Nxf3+ 17. Qxf3 Bf6 18.
Qxg3 Bxb2 19. Bxd6 Bxa1 20. Rxa1 Qh4 21. Qe5+ Kd8 22.
Qxg7 Bd7 23. Bg3 Qh6 24. Qe5 Rc8 25. Bf4 Qh5 26. Qf6+ Ke8 27. d6 Qh4 28. Bg5 1-0

[Event "Early-Titled-Tuesday-Blitz-February-27-2024"]
[Site "Chess.com"]
[Date "2024.02.27"]
[Round "6"]
[White "agvania123"]
[Black "chucksterf10"]
[Result "0-1"]
[WhiteElo "2391"]
[BlackElo "2558"]
[TimeControl "180+1"]
[EndTime "9:03:45 PST"]
[Termination "chucksterf10 won by resignation"]

1. e4 a6 2. d4 c6 3. Nc3 d5 4. Nf3 Bg4 5. h3 Bxf3 6. Qxf3 e6 7. Bd3 Nf6 8. Bg5 Be7 9. O-O h6 10. Bxf6 Bxf6 11. e5 Be7 12. Ne2 c5 13. c3 Nc6 14.
Qg3 O-O 15. Rab1 cxd4 16. Nxd4 Nxd4 17. cxd4 Qb6 18. Qe3 Rfc8 19. f4 g6 20. g3 Rc7 21.
h4 h5 22. g4 hxg4 23. h5 gxh5 24. f5 exf5 25. Rxf5 Rac8 26. Rbf1 Qg6 27. Rf6 Qg7 28.
Rxf7 Qxf7 29. Rxf7 Kxf7 30. Qh6 Rc1+ 31. Kg2 Ke8 32.
Qh8+ Kf7 33. Qxh5+ Kf8 34. Qh8+ Kf7 35. e6+ Kxe6 36.
Qe5+ Kf7 37. Qxd5+ Kg7 38. Qe5+ Bf6 39. Qe6 g3 40.
Kxg3 Rg1+ 41. Kh2 Rcc1 42. Qd7+ Kh6 43. Qh7+ Kg5 44. Qg6+ Kf4 45. Qxf6+ Ke3 46. Qe5+ Kxd3 47. Qf5+ Kxd4 48. Qf2+ Kd3 49. Qf3+ Kc2 50. Qf2+ Kb1 51.
Qf5+ Ka1 52. Kh3 Rh1+ 53. Kg4 Rcg1+ 54. Kf3 Rf1+ 0-1

[Event "Early-Titled-Tuesday-Blitz-February-27-2024"]
[Site "Chess.com"]
[Date "2024.02.27"]
[Round "6"]
[White "AlexTruskavetsky"]
[Black "Matols"]
[Result "1-0"]
[WhiteElo "2747"]
[BlackElo "2407"]
[TimeControl "180+1"]
[EndTime "9:03:46 PST"]
[Termination "AlexTruskavetsky won by resignation"]

1. d4 d5 2. c4 Nf6 3. cxd5 Nxd5 4. e4 Nb6 5. Nc3 e6 6. Be3 N8d7 7. Nf3 Be7 8. Bd3 O-O 9. Qe2 c5 10. Rd1 cxd4 11.
Bxd4 Bc5 12. Be3 Bxe3 13. Qxe3 Qe7 14. O-O Nc5 15. Bb1 Bd7 16. e5 Rfd8 17. Rd6 Nc4 18.
Qxc5 Rac8 19. Qd4 Nxd6 20. exd6 Qf6 21. Ne5 Be8 22. Rd1 Bd7 23. Ne4 Qh4 24. b4 Qh5 25. f3 Ba4 26. Re1 Qh4 27. g3 Qh3 28. Nxf7 Rf8 29.
d7 Rb8 30. Neg5 Qh5 31. Bxh7+ Qxh7 32. Nxh7 Kxh7 33. d8=Q 1-0

[Event "Early-Titled-Tuesday-Blitz-February-27-2024"]
[Site "Chess.com"]
[Date "2024.02.27"]
[Round "6"]
[White "Kotlyar_K"]
[Black "NewBornNow"]
[Result "0-1"]
[WhiteElo "2571"]
[BlackElo "2868"]
[TimeControl "180+1"]
[EndTime "9:03:50 PST"]
[Termination "NewBornNow won by resignation"]

1. d4 Nf6 2. c4 e6 3. Nc3 Bb4 4. e3 O-O 5. Bd2 d5 6. Nf3 b6 7.
cxd5 exd5 8. Bd3 Re8 9. O-O a6 10. Ne5 Bb7 11. f4 Bxc3 12. Bxc3 Nbd7 13. Rc1 Nf8 14.
Be1 Ne4 15. Qh5 Qe7 16. Bh4 f6 17. Nf3 c5 18. Rfd1 Nd6 19. dxc5 bxc5 20. Rxc5 Qxe3+ 21. Bf2 Qxf4 22. g3 Qb4 23. Rxd5 g6 24. Bxg6 hxg6 25.
Qh6 Bxd5 26. Rxd5 Nf7 27. Qc1 Qe4 28. Qd2 Rad8 0-1

[Event "Early-Titled-Tuesday-Blitz-February-27-2024"]
[Site "Chess.com"]
[Date "2024.02.27"]
[Round "6"]
[White "santosalberto1987"]
[Black "Happy1712Drummer"]
[Result "1-0"]
[WhiteElo "2555"]
[BlackElo "2390"]
[TimeControl "180+1"]
[EndTime "9:03:51 PST"]
[Termination "santosalberto1987 won on time"]

1. e4 c6 2. c4 d5 3. exd5 cxd5 4.
cxd5 Nf6 5. Qa4+ Nbd7 6. Bc4 g6 7. Nc3 Bg7 8. Nf3 O-O 9. d3 Nb6 10. Qb3 Bf5 11. O-O Rc8 12. Rd1 Bg4 13. Be3 Bxf3 14. gxf3 Qd7 15. Bxb6 axb6 16. Qxb6 Qh3 17. Qe3 Rfd8 18.
f4 Qh5 19. Qg3 Qf5 20. Re1 Nh5 21. Qg5 Qh3 22. Ne4 b5 23. Bb3 Bxb2 24. Rab1 Bf6 25.
Nxf6+ exf6 26. Qg2 Qxg2+ 27. Kxg2 Nxf4+ 28. Kf3 Nxd5 29. Rbc1 Nb4 30. Rxc8 Rxc8 31. d4 Rc3+ 32. Re3 Rxe3+ 33. Kxe3 Kf8 34. a3 Nc6 35. d5 Ne5 36. Kd4 Ng4 37.
Kc5 Nxf2 38. Kxb5 Ne4 39. a4 f5 40. a5 Nd6+ 41. Kc6 Nc8 42. d6 f4 43. d7 Ne7+ 44. Kb7 1-0